 Dungeon Crawl Stone Soup version 0.19.1 (webtiles) character file.

214 Rrauwl the Chucker (level 5, -1/50 HPs)
             Began as an Ogre Hunter on Nov 26, 2016.
             Slain by an orc
             ... wielding a +0 whip
              (3 damage)
             ... on level 3 of the Dungeon.
             The game lasted 00:11:30 (1670 turns).

Rrauwl the Chucker (Ogre Hunter)                    Turns: 1670, Time: 00:11:31

Health: -1/50      AC:  3    Str: 17    XL:     5   Next: 91%
Magic:  5/5        EV: 10    Int: 11    God:
Gold:   35         SH:  0    Dex: 12    Spells: 0 memorised, 4 levels left

rFire  . . .     SeeInvis .     j - +0 whip
rCold  . . .     Gourm    .     b - +0 robe
rNeg   . . .     Faith    +     (no shield)
rPois  .         Spirit   .     (helmet restricted)
rElec  .         Reflect  .     (no cloak)
rCorr  .         Harm     .     (gloves unavailable)
MR     .....                    (boots unavailable)
Stlth  +.........               i - amulet of faith
                                (no ring)
                                (no ring)

@: lethally poisoned (-1 -> -4)
A: unfitting armour, agile 1, tough skin 1
a: no special abilities


You were on level 3 of the Dungeon.
You were hungry.

You visited 1 branch of the dungeon, and saw 3 of its levels.

You collected 35 gold pieces.

Inventory:

Hand Weapons
 j - a +0 whip (weapon)
Missiles
 d - 2 throwing nets (quivered)
Armour
 b - a +0 robe (worn)
Jewellery
 i - an amulet of faith (around neck)
Scrolls
 h - a scroll of enchant armour
 k - a scroll of identify
 m - 2 scrolls of magic mapping
 o - a scroll of amnesia {unknown}
Comestibles
 a - 4 fruits
 f - a bread ration
 l - a meat ration


   Skills:
 - Level 2.6 Fighting
 + Level 4.6 Maces & Flails
 + Level 5.6 Throwing
 - Level 2.0 Dodging
 - Level 0.6 Stealth


You had 4 spell levels left.
You didn't know any spells.

Dungeon Overview and Level Annotations

Branches:
Dungeon (3/15)

Altars:


Innate Abilities, Weirdness & Mutations

You are too large for most types of armour.
You have tough skin. (AC +1)
You are agile. (Dex +2)


Message History

The adder is moderately wounded.
You feel sick. The adder bites you but does no damage.
The orc hits you but does no damage.
You hit the adder.
The adder is moderately wounded.
The adder bites you but does no damage. The orc hits you but does no damage.
You closely miss the adder.
The adder is moderately wounded.
You feel sick. The adder bites you but does no damage.
The orc barely misses you. The adder bites you but does no damage.
You barely miss the adder.
The adder is moderately wounded.
You feel less woody.
Your +0 robe unmelds from your body.
The orc hits you with a whip.
* * * LOW HITPOINT WARNING * * *
The adder bites you but does no damage.
You hit the adder.
The adder is heavily wounded.
The orc hits you with a whip.
You die...

.. ## #.# .# #...# #.# .##
#...# #.# .)# #...# #.#
#.. #...# #.# #..
######...#####.#
#..###..............#
#...((..o...........#
#.####(..@S......<.#.....S
# ######...######.###.#
#...# .# #...... .#
#....#.# .# ......#.# ..
###.#### # #. #.


You could see an adder and an orc.

Vanquished Creatures
  The ghost of Tyryt0 the Skirmisher, an amateur FoFi (D:3)
  2 oozes (D:2)
  4 worms
  3 dart slugs
  2 leopard geckos (D:1)
  6 giant cockroaches
  7 goblins
  3 hobgoblins
  4 kobolds
  A quokka (D:2)
  9 bats
  8 frilled lizards
  5 rats
55 creatures vanquished.

Notes
Turn   | Place    | Note
-------+----------+-------------------------------------------
     0 | D:1      | Rrauwl the Ogre Hunter began the quest for the Orb.
     0 | D:1      | Reached XP level 1. HP: 22/22 MP: 1/1
   111 | D:1      | Reached XP level 2. HP: 29/29 MP: 2/2
   216 | D:1      | Reached skill level 1 in Maces & Flails
   444 | D:1      | Reached XP level 3. HP: 34/36 MP: 3/3
   953 | D:2      | Gained mutation: You are agile. (Dex +2) [potion of beneficial mutation]
  1218 | D:2      | Reached XP level 4. HP: 34/44 MP: 4/4
  1457 | D:2      | Reached skill level 5 in Throwing
  1615 | D:3      | Noticed Tyryt0's ghost (amateur FoFi)
  1662 | D:3      | Killed Tyryt0's ghost
  1662 | D:3      | Reached XP level 5. HP: 15/50 MP: 5/5
  1669 | D:3      | HP: 2/50 [orc/whip (5)]
  1670 | D:3      | Slain by an orc

Skill      XL: |  1  2  3  4 |
---------------+-------------+-----
Dodging        | 2 |  2.0
Maces & Flails | 1 2 4 |  4.6
Throwing       | 5 |  5.6
Fighting       | |  2.6
Stealth        | |  0.6

Action                   |  1- 3 |  4- 6 || total
-------------------------+-------+-------++-------
Melee: Short sword       |     2 |       ||     2
       Club              |    24 |       ||    24
       Whip              |    50 |    75 ||   125
Throw: Large rock        |    41 |    14 ||    55
       Throwing net      |     2 |       ||     2
  Use: Potion            |     4 |     2 ||     6
       Scroll            |     4 |       ||     4
  Eat: Chunk             |     1 |     1 ||     2
Armor: Robe              |    29 |    15 ||    44
       Skin              |       |    58 ||    58
Dodge: Dodged            |    66 |    30 ||    96
